BR (22 & UNDER)
WASHINGTON DC HOT SAUCE @ LOGAN SWANS
09/11/2029
 
TOP OF THE 1ST
Washington DC Hot Sauce batting - Pitching for Logan Swans : LHP Vicente Canales
Pitching: LHP Vicente Canales
Batting: RHB Daniel Pineda 0-0: Foul Ball, location: 2F
0-1: Fly out, F3 (Popup, 3)
Batting: RHB Tim Church 0-0: Ball
1-0: Foul Ball, location: 2F
1-1: Ball
2-1: Fly out, F3 (Line Drive, 3)
Batting: RHB Kenny Miller 0-0: Called Strike
0-1: SINGLE (Line Drive, 4D)
Batting: RHB Nelson Wright 0-0: Called Strike
0-1: Called Strike
0-2: Ball
Kenny Miller steals 2nd base
1-2: Ground out 6-3 (Groundball, 6)
Top of the 1st over - 0 runs, 1 hit, 0 errors, 1 left on base; Washington DC 0 - Logan 0
BOTTOM OF THE 1ST
Logan Swans batting - Pitching for Washington DC Hot Sauce : LHP William Brown
Pitching: LHP William Brown
Batting: RHB Ricardo Manegdeg 0-0: Swinging Strike
0-1: Swinging Strike
0-2: Ball
1-2: Strikes out swinging
Batting: RHB Francisco Durango 0-0: Foul Ball, location: 2F
0-1: Ground out 6-3 (Groundball, 6)
Batting: SHB Torajiro Ito 0-0: Called Strike
0-1: Swinging Strike
0-2: Strikes out swinging
Bottom of the 1st over - 0 runs, 0 hits, 0 errors, 0 left on base; Washington DC 0 - Logan 0
TOP OF THE 2ND
Washington DC Hot Sauce batting - Pitching for Logan Swans : LHP Vicente Canales
Batting: RHB José Isla 0-0: SINGLE (Groundball, 56D)
Pitching: LHP Michael Dean
Batting: RHB Jesús García 0-0: Called Strike
0-1: Ball
1-1: Fly out, F5 (Popup, 6S)
Batting: RHB Eric Schroeder 0-0: Called Strike
0-1: Ball
1-1: Ball
2-1: Swinging Strike
2-2: Ball
3-2: Base on Balls
José Isla to second
Batting: SHB Jared Calhoun 0-0: Called Strike
0-1: Swinging Strike
0-2: Grounds into double play, 4-6-3 (Groundball, 4)
Top of the 2nd over - 0 runs, 1 hit, 0 errors, 1 left on base; Washington DC 0 - Logan 0
BOTTOM OF THE 2ND
Logan Swans batting - Pitching for Washington DC Hot Sauce : LHP William Brown
Batting: RHB Bill Becker 0-0: Foul Ball, location: 2F
0-1: Swinging Strike
0-2: Ball
1-2: SINGLE (Line Drive, 6D)
Batting: RHB Luis Martínez 0-0: Ball
1-0: Ball
2-0: SINGLE (Groundball, 34D)
Bill Becker to second
Runner from 2nd tries for 3rd, SAFE, no throw
Batting: SHB Francisco García 0-0: Called Strike
0-1: Swinging Strike
0-2: Grounds into double play, 6-4-3 (Groundball, 6)
Bill Becker scores
Batting: RHB Víctor Cuevas 0-0: Ground out 4-3 (Groundball, 34)
Bottom of the 2nd over - 1 run, 2 hits, 0 errors, 0 left on base; Washington DC 0 - Logan 1
TOP OF THE 3RD
Washington DC Hot Sauce batting - Pitching for Logan Swans : LHP Michael Dean
Batting: RHB Eric Adams 0-0: Ball
1-0: Ball
2-0: Foul Ball, location: 2F
2-1: Foul Ball, location: 2F
2-2: Strikes out swinging
Batting: RHB Daniel Pineda 0-0: Ground out 6-3 (Groundball, 56)
Batting: RHB Tim Church 0-0: Swinging Strike
0-1: Foul Ball, location: 2F
0-2: Strikes out swinging
Top of the 3rd over - 0 runs, 0 hits, 0 errors, 0 left on base; Washington DC 0 - Logan 1
BOTTOM OF THE 3RD
Logan Swans batting - Pitching for Washington DC Hot Sauce : LHP William Brown
Batting: RHB Jeremy Camanho 0-0: Ball
1-0: Foul Ball, location: 2F
1-1: Ball
2-1: Ball
3-1: SINGLE (Flyball, 8LS)
Batting: RHB Sergio Mora 0-0: Called Strike
0-1: Swinging Strike
0-2: Ball
1-2: Ball
2-2: Fielders Choice at 2nd, 4-6 (Groundball, 4M)
Batting: RHB Ricardo Manegdeg 0-0: Ball
Sergio Mora is caught stealing 2nd base
1-0: Called Strike
1-1: Swinging Strike
1-2: Strikes out swinging
Bottom of the 3rd over - 0 runs, 1 hit, 0 errors, 0 left on base; Washington DC 0 - Logan 1
TOP OF THE 4TH
Washington DC Hot Sauce batting - Pitching for Logan Swans : LHP Michael Dean
Batting: RHB Kenny Miller 0-0: DOUBLE (Groundball, 3L)
Batting: RHB Nelson Wright 0-0: Called Strike
0-1: Ball
1-1: Ball
2-1: Fly out, F9 (Flyball, 9D)
Runner from 2nd tags up, SAFE at 3rd, no throw
Batting: RHB José Isla 0-0: Called Strike
0-1: DOUBLE (Line Drive, 8RD)
Kenny Miller scores
Batting: RHB Jesús García 0-0: Ball
1-0: Ball
2-0: Ball
3-0: Called Strike
3-1: Foul Ball, location: 2F
3-2: Fly out, F6 (Popup, P)
Batting: RHB Eric Schroeder 0-0: Ball
1-0: Ball
2-0: Ball
3-0: Called Strike
3-1: Ground out 4-3 (Groundball, 4M)
Top of the 4th over - 1 run, 2 hits, 0 errors, 1 left on base; Washington DC 1 - Logan 1
BOTTOM OF THE 4TH
Logan Swans batting - Pitching for Washington DC Hot Sauce : LHP William Brown
Batting: RHB Francisco Durango 0-0: Swinging Strike
0-1: Foul Ball, location: 2F
0-2: Ball
1-2: Strikes out looking
Batting: SHB Torajiro Ito 0-0: Ball
1-0: Swinging Strike
1-1: Hit by Pitch
Batting: RHB Bill Becker 0-0: Called Strike
0-1: Swinging Strike
0-2: Ball
1-2: Foul Ball, location: 2F
1-2: Ball
2-2: 2-RUN HOME RUN (Line Drive, 78XD), Distance : 424 ft
Batting: RHB Luis Martínez 0-0: DOUBLE (Flyball, 8LD)
Batting: SHB Francisco García 0-0: Called Strike
0-1: Ball
1-1: DOUBLE (Line Drive, 7LM)
Luis Martínez scores
Batting: RHB Víctor Cuevas 0-0: Swinging Strike
0-1: Fly out, F9 (Flyball, 9S)
Batting: RHB Jeremy Camanho 0-0: Called Strike
0-1: Ball
1-1: Called Strike
1-2: Ball
2-2: Strikes out swinging
Bottom of the 4th over - 3 runs, 3 hits, 0 errors, 1 left on base; Washington DC 1 - Logan 4
TOP OF THE 5TH
Washington DC Hot Sauce batting - Pitching for Logan Swans : LHP Michael Dean
Batting: SHB Jared Calhoun 0-0: Called Strike
0-1: Foul Ball, location: 2F
0-2: Strikes out looking
Batting: RHB Eric Adams 0-0: Called Strike
0-1: Ball
1-1: Called Strike
1-2: Ball
2-2: Ball
3-2: Foul Ball, location: 2F
3-2: Fly out, F9 (Line Drive, 9S)
Batting: RHB Daniel Pineda 0-0: Ball
1-0: Called Strike
1-1: Swinging Strike
1-2: Foul Ball, location: 2F
1-2: Foul Ball, location: 2F
1-2: Ball
2-2: Ground out 3-1 (Groundball, 34S)
Top of the 5th over - 0 runs, 0 hits, 0 errors, 0 left on base; Washington DC 1 - Logan 4
BOTTOM OF THE 5TH
Logan Swans batting - Pitching for Washington DC Hot Sauce : LHP William Brown
Batting: RHB Sergio Mora 0-0: Ball
1-0: Ball
2-0: Called Strike
2-1: Foul Ball, location: 2F
2-2: Ground out U3 (Groundball, 3)
Batting: RHB Ricardo Manegdeg 0-0: Ball
1-0: SINGLE (Groundball, 6MD)
Batting: RHB Francisco Durango 0-0: Swinging Strike
0-1: Ball
1-1: Foul Ball, location: 2F
1-2: Strikes out looking
Batting: SHB Torajiro Ito 0-0: Swinging Strike
Passed Ball!
Ricardo Manegdeg to second
0-1: DOUBLE (Flyball, 89D)
Ricardo Manegdeg scores
Batting: RHB Bill Becker 0-0: Ball
1-0: Foul Ball, location: 2F
1-1: Swinging Strike
1-2: Strikes out swinging
Bottom of the 5th over - 1 run, 2 hits, 0 errors, 1 left on base; Washington DC 1 - Logan 5
TOP OF THE 6TH
Washington DC Hot Sauce batting - Pitching for Logan Swans : LHP Michael Dean
Batting: RHB Tim Church 0-0: Ball
1-0: Foul Ball, location: 2F
1-1: Foul Ball, location: 2F
1-2: Strikes out swinging
Batting: RHB Kenny Miller 0-0: Ball
1-0: Called Strike
1-1: Called Strike
1-2: Foul Ball, location: 2F
1-2: Ball
2-2: Foul Ball, location: 2F
2-2: Ball
3-2: SINGLE (Groundball, 4D)
Pitching: RHP Gerardo Durango
Batting: RHB Nelson Wright 0-0: Called Strike
0-1: Ball
1-1: Fly out, F9 (Line Drive, 89M)
Batting: RHB José Isla 0-0: Called Strike
0-1: Ball
1-1: SINGLE (Groundball, 56D)
Kenny Miller to second
Batting: RHB Jesús García 0-0: Ball
1-0: Called Strike
1-1: Called Strike
1-2: Foul Ball, location: 2F
1-2: Foul Ball, location: 2F
1-2: Strikes out swinging
Top of the 6th over - 0 runs, 2 hits, 0 errors, 2 left on base; Washington DC 1 - Logan 5
BOTTOM OF THE 6TH
Logan Swans batting - Pitching for Washington DC Hot Sauce : LHP William Brown
Pitching: RHP Ignacio Rodríguez
Batting: RHB Luis Martínez 0-0: SINGLE (Line Drive, 34D)
Batting: SHB Francisco García 0-0: SINGLE (Line Drive, 8LS)
Luis Martínez to second
Batting: RHB Víctor Cuevas 0-0: Fly out, F2 (Popup, 2LF)
Batting: RHB Jeremy Camanho 0-0: Ball
1-0: Called Strike
1-1: Swinging Strike
1-2: Ball
2-2: Strikes out swinging
Batting: RHB Sergio Mora 0-0: Ball
1-0: Ball
2-0: Ball
3-0: Base on Balls
Luis Martínez to third
Francisco García to second
Batting: RHB Ricardo Manegdeg 0-0: Called Strike
0-1: Ball
1-1: Ball
2-1: Ball
3-1: Called Strike
3-2: Ground out 6-3 (Groundball, 6)
Bottom of the 6th over - 0 runs, 2 hits, 0 errors, 3 left on base; Washington DC 1 - Logan 5
TOP OF THE 7TH
Washington DC Hot Sauce batting - Pitching for Logan Swans : RHP Gerardo Durango
Batting: RHB Eric Schroeder 0-0: Ball
1-0: Called Strike
1-1: Ball
2-1: Foul Ball, location: 2F
2-2: Ground out U3 (Groundball, 34)
Batting: SHB Jared Calhoun 0-0: Ball
1-0: Foul Ball, location: 2F
1-1: Ball
2-1: SINGLE (Line Drive, 4MD)
Batting: RHB Eric Adams 0-0: Called Strike
0-1: Ball
1-1: Foul Ball, location: 2F
1-2: Ground out 5-3 (Groundball, 5S)
Jared Calhoun to second
Batting: RHB Daniel Pineda 0-0: Ball
1-0: Ball
2-0: Called Strike
2-1: Fly out, F8 (Line Drive, 89D)
Top of the 7th over - 0 runs, 1 hit, 0 errors, 1 left on base; Washington DC 1 - Logan 5
BOTTOM OF THE 7TH
Logan Swans batting - Pitching for Washington DC Hot Sauce : RHP Ignacio Rodríguez
Batting: RHB Francisco Durango 0-0: Ball
1-0: Foul Ball, location: 2F
1-1: Ball
2-1: Ball
3-1: SINGLE (Flyball, 8RS)
Batting: SHB Torajiro Ito 0-0: Ball
1-0: Swinging Strike
1-1: Ball
2-1: Fly out, F4 (Line Drive, 4)
Batting: RHB Bill Becker 0-0: Called Strike
0-1: Ball
Francisco Durango steals 2nd base
1-1: Intentional Walk
Batting: RHB Luis Martínez 0-0: Called Strike
0-1: Grounds into double play, 4-6-3 (Groundball, 4)
Bottom of the 7th over - 0 runs, 1 hit, 0 errors, 1 left on base; Washington DC 1 - Logan 5
TOP OF THE 8TH
Washington DC Hot Sauce batting - Pitching for Logan Swans : RHP Gerardo Durango
Batting: RHB Tim Church 0-0: Called Strike
0-1: Ball
1-1: Ground out U3 (Groundball, 3L)
Batting: RHB Kenny Miller 0-0: Ball
1-0: Called Strike
1-1: Ball
2-1: Ball
3-1: SINGLE (Groundball, 6M) (infield hit)
Batting: RHB Nelson Wright 0-0: Ball
1-0: Foul Ball, location: 2F
1-1: Fly out, F4 (Popup, 3D)
Batting: RHB José Isla 0-0: Ball
1-0: Called Strike
1-1: Ball
2-1: Ball
3-1: Fielders Choice at 2nd, 6-4 (Groundball, 6)
Top of the 8th over - 0 runs, 1 hit, 0 errors, 1 left on base; Washington DC 1 - Logan 5
BOTTOM OF THE 8TH
Logan Swans batting - Pitching for Washington DC Hot Sauce : RHP Ignacio Rodríguez
Batting: SHB Francisco García 0-0: Ground out 5-3 (Groundball, 5S)
Batting: RHB Víctor Cuevas 0-0: Called Strike
0-1: Foul Ball, location: 2F
0-2: Foul Ball, location: 2F
0-2: Strikes out swinging
Batting: RHB Jeremy Camanho 0-0: Ground out 5-3 (Groundball, 5)
Bottom of the 8th over - 0 runs, 0 hits, 0 errors, 0 left on base; Washington DC 1 - Logan 5
TOP OF THE 9TH
Washington DC Hot Sauce batting - Pitching for Logan Swans : RHP Gerardo Durango
Pitching: RHP Tony Parker
Batting: RHB Jesús García 0-0: Ball
1-0: Foul Ball, location: 2F
1-1: Ground out 6-3 (Groundball, 6)
Batting: RHB Eric Schroeder 0-0: Ball
1-0: Called Strike
1-1: Ball
2-1: Ball
3-1: Called Strike
3-2: Base on Balls
Batting: SHB Jared Calhoun 0-0: Ball
1-0: Ball
2-0: Ball
3-0: Called Strike
3-1: Called Strike
3-2: SINGLE (Flyball, 8LS)
Eric Schroeder to second
Batting: RHB Eric Adams 0-0: Ball
1-0: Foul Ball, location: 2F
1-1: Fly out, F7 (Line Drive, 78M)
Batting: RHB Daniel Pineda 0-0: Called Strike
0-1: Swinging Strike
0-2: Strikes out swinging
Top of the 9th over - 0 runs, 1 hit, 0 errors, 2 left on base; Washington DC 1 - Logan 5
Saturday, December 16th, 2017 - OOTP Baseball 18.8 Build 76